Saguenéens vs Thunder
(R1)
Created - 30 décembre 2014 at 19:35
Goals
|
| Saguenéens |
0 |
1 |
1 |
2 |
| Thunder |
1 |
2 |
3 |
6 |
|
Shots
|
| Saguenéens |
8 |
12 |
11 |
31 |
| Thunder |
4 |
10 |
14 |
28 |
|
1st period
1. Thunder , Matt D'Agostini 23 (Tom Pyatt, Tim Gleason) at 10:49
Penalties :
Slava Voynov (TRO) for Tripping (Minor) at 14:35
2nd period
2. Thunder , Jannik Hansen 5 (Daultan Leveillé) at 3:39
3. Saguenéens , Kyle Brodziak 17 (Brian Flynn, Wayne Simmonds) at 17:23
4. Thunder , Tom Pyatt 16 (Matt D'Agostini) at 18:03
Penalties :
Brian Flynn (Chi) for Hooking (Minor) at 1:23, Kyle Brodziak (Chi) for Hooking (Minor) at 14:11, Mike Sauer (Chi) for Tripping (Minor) at 18:46
3rd period
5. Thunder , Brett Festerling 1 (Daultan Leveillé) at 8:53 (SH)
6. Saguenéens , David Laliberté 5 (Marcus Johansson, Kris Russell) at 13:00
7. Thunder , Dany Roussin 13 (Samuel Pahlsson, Pierre-Alexandre Parenteau) at 17:16 (PP)
8. Thunder , Pierre-Alexandre Parenteau 17 (Samuel Pahlsson, Dany Roussin) at 17:53
Penalties :
Mark Dekanich (TRO) for Slashing (Minor) at 7:22 - Tim Gleason served the penalty, Marcus Johansson (Chi) for Hooking (Minor) at 8:56, Jeff Finger (TRO) for Hooking (Minor) at 13:03, Mike Sauer (Chi) for Cross-checking (Minor) at 17:10
Goalie Stats
Harru Sateri (Chi), 22 saves from 28 shots - (0,786), L, 6-7-3, 60:00 minutes
Mark Dekanich (TRO), 29 saves from 31 shots - (0,935), W, 1-12-0, 60:00 minutes
Players Stats for Saguenéens
Player Name G A P +/- PIM S H SB GA TA FO MP PP MP PK MP
------------------------------------------------------------------------------------
Brandon Burlon 0 0 0 0 0 0 1 0 0 0 0/0 10:46 0:00 0:00
Brian Flynn 0 1 1 -1 2 2 5 2 0 0 0/5 17:57 0:00 0:00
Bryan Bickell 0 0 0 -1 0 1 1 0 0 0 0/0 9:58 0:45 0:36
David Laliberté 1 0 1 -1 0 3 2 0 0 1 0/0 17:50 2:33 3:14
Derek Morris 0 0 0 -2 0 4 1 0 0 1 0/0 26:43 2:57 3:39
Eric Tangradi 0 0 0 -1 0 0 3 0 0 0 0/0 9:11 1:35 0:00
Evgeny Dadonov 0 0 0 -1 0 2 1 0 0 0 0/0 5:37 1:07 0:00
Jeffrey Foss 0 0 0 0 0 0 2 0 0 0 0/0 12:11 0:00 1:21
Joffrey Lupul 0 0 0 -1 0 3 1 1 0 1 1/1 15:47 2:29 0:53
Kevin Marshall 0 0 0 -1 0 3 1 1 1 0 0/0 22:31 2:35 3:58
Kris Russell 0 1 1 -2 0 2 2 1 0 1 0/0 24:43 2:57 3:39
Kyle Brodziak 1 0 1 -1 2 1 1 0 1 1 10/29 22:54 2:49 2:23
Marcus Johansson 0 1 1 -1 2 1 1 0 0 0 1/9 15:30 2:28 0:43
Mike Sauer 0 0 0 -1 4 1 1 0 1 0 0/0 23:04 2:35 2:37
Petteri Wirtanen 0 0 0 0 0 3 0 0 1 0 6/12 15:21 0:00 3:47
Rhett Rakhshani 0 0 0 0 0 0 1 0 1 0 0/0 8:58 0:00 0:00
Tyler McNeely 0 0 0 0 0 4 2 0 0 0 0/0 8:58 0:00 0:00
Wayne Simmonds 0 1 1 -1 0 1 2 0 1 1 0/3 23:54 2:49 3:38
Players Stats for Thunder
Player Name G A P +/- PIM S H SB GA TA FO MP PP MP PK MP
------------------------------------------------------------------------------------
Brandon Mashinter 0 0 0 0 0 0 1 0 1 0 0/3 9:40 0:37 0:00
Brett Festerling 1 0 1 2 0 1 0 0 0 0 0/0 5:54 0:00 1:19
Colby Cohen 0 0 0 0 0 0 0 0 0 0 0/0 0:00 0:00 0:00
Dany Roussin 1 1 2 -1 0 7 1 3 0 0 1/1 26:40 3:21 2:58
Daultan Leveillé 0 2 2 2 0 2 2 0 0 0 3/6 12:13 0:00 1:08
David Fischer 0 0 0 0 0 0 0 1 0 1 0/0 6:21 0:00 0:00
Derek Peltier 0 0 0 2 0 0 0 1 0 0 0/0 10:36 0:41 0:00
Doug Janik 0 0 0 0 0 0 1 2 0 0 0/0 18:50 3:21 1:55
Jannik Hansen 1 0 1 1 0 1 1 0 0 0 2/2 12:11 0:58 0:00
Jeff Finger 0 0 0 1 2 2 0 0 2 2 0/0 24:19 4:16 2:18
Jesse Blacker 0 0 0 0 0 0 0 0 0 0 0/0 0:00 0:00 0:00
Joey Ryan 0 0 0 2 0 0 0 0 0 1 0/0 10:44 0:00 1:14
Kelly Zajac 0 0 0 0 0 0 0 0 0 0 0/0 0:00 0:00 0:00
Kevin Montgomery 0 0 0 0 0 0 0 0 0 0 0/0 0:00 0:00 0:00
Mat Clark 0 0 0 0 0 0 0 0 0 0 0/0 0:00 0:00 0:00
Matt D'Agostini 1 1 2 2 0 2 3 0 0 0 2/2 19:52 3:24 1:15
Pierre-Alexandre Parente 1 1 2 -1 0 2 1 0 0 1 1/2 20:27 3:14 1:15
Ray Macias 0 0 0 0 0 2 0 0 0 0 0/0 18:35 3:21 1:55
Robin Leblanc 0 0 0 2 0 2 4 0 1 0 0/0 20:39 3:24 0:00
Samuel Pahlsson 0 2 2 -1 0 4 1 0 1 1 20/28 26:23 3:48 2:58
Slava Voynov 0 0 0 1 2 0 0 0 0 0 0/0 7:38 0:00 1:13
Taylor Doherty 0 0 0 0 0 0 0 0 0 0 0/0 0:00 0:00 0:00
Tim Gleason 0 1 1 0 0 1 2 1 1 0 0/0 24:01 4:16 2:29
Tom Pyatt 1 1 2 2 0 2 3 0 0 0 12/15 18:58 3:24 0:11
3 Stars
1 - Tom Pyatt (TRO)
2 - Matt D'Agostini (TRO)
3 - Daultan Leveillé (TRO)
Power Play
Saguenéens - 0 on 3 Attempt(s) - 0,00%
Thunder - 1 on 5 Attempt(s) - 20,00%
Penalty Kill
Saguenéens - 4 on 5 Attempt(s) - 80,00%
- Score 0 goal in Penalty Kill
Thunder - 3 on 3 Attempt(s) - 100,00%
- Score 1 goal in Penalty Kill
Official
Referees : Furlatt Eric and Pochmara Brian
Linesman : Steve Barton and Pierre Champoux
Game Notes
17:37 of 1st period - Saguenéens goal is going for a video replay. After video review, No Goal. The puck has entered the net after making contact with an attacking player’s stick that is above the height of the crossbar.
Evgeny Dadonov is injured at 17:46 of 1st period (Sprained Right Finger)
Finance
Level 1 -- Attendance: 1512 (75,60%) -- Ticket Income 52 920 $
Level 2 -- Attendance: 772 (77,20%) -- Ticket Income 11 580 $
Total Attendance: 2284 (76,13%)
Total Ticket Income: 64 500 $
Other Income: 3 225 $
Total Income: 67 725 $
Saguenéens
5 vs 5 Forward
Center Left Wing Right Wing Time % Phy DF OF
1 Kyle Brodziak Evgeny Dadonov Wayne Simmonds 40 1 2 2
2 Marcus Johansson Joffrey Lupul David Laliberté 30 1 2 2
3 Brian Flynn Bryan Bickell Eric Tangradi 20 1 2 2
4 Petteri Wirtanen Tyler McNeely Rhett Rakhshani 10 1 2 2
5 vs 5 Defense
Defense Defense Time % Phy DF OF
1 Derek Morris Kris Russell 37 1 2 2
2 Kevin Marshall Mike Sauer 33 1 2 2
3 Jeffrey Foss Brandon Burlon 20 1 2 2
4 Derek Morris Mike Sauer 10 0 2 3
PowerPlay Forward
Center Left Wing Right Wing Time % Phy DF OF
1 Kyle Brodziak Evgeny Dadonov Wayne Simmonds 55 1 1 3
2 Marcus Johansson Joffrey Lupul David Laliberté 45 1 1 3
PowerPlay Defense
Defense Defense Time % Phy DF OF
1 Derek Morris Kris Russell 50 0 2 3
2 Mike Sauer Kevin Marshall 50 0 2 3
Penalty Kill 4 Players Forward
Center Wing Time % Phy DF OF
1 Kyle Brodziak David Laliberté 50 1 3 1
2 Petteri Wirtanen Wayne Simmonds 50 2 2 1
Penalty Kill 4 Players Defense
Defense Defense Time % Phy DF OF
1 Kris Russell Derek Morris 50 1 3 1
2 Mike Sauer Kevin Marshall 50 1 3 1
Penalty Kill - 3 Players Forward
Forward Time % Phy DF OF
1 Kyle Brodziak 50 1 3 1
2 Wayne Simmonds 50 1 3 1
Penalty Kill - 3 Players Defense
Defense Defense Time % Phy DF OF
1 Kris Russell Mike Sauer 50 1 3 1
2 Derek Morris Kevin Marshall 50 1 3 1
4 vs 4 Forward
Center Wing Time % Phy DF OF
1 Kyle Brodziak Evgeny Dadonov 50 1 1 3
2 Marcus Johansson Wayne Simmonds 50 2 1 2
4 vs 4 Defense
Defense Defense Time % Phy DF OF
1 Kevin Marshall Mike Sauer 50 1 2 2
2 Derek Morris Kevin Marshall 50 1 2 2
Last Minutes Offensive
Center Left Wing Right Wing Defense Defense
Kyle Brodziak Joffrey Lupul Wayne Simmonds Derek Morris Mike Sauer
Last Minutes Defensive
Center Left Wing Right Wing Defense Defense
Kyle Brodziak Evgeny Dadonov Wayne Simmonds Derek Morris Mike Sauer
Goaltenders
Starting : Harru Sateri
Backup : James Reimer
Extra Forwards
Normal : Brian Flynn, Wayne Simmonds, Petteri Wirtanen - PP : Eric Tangradi, Bryan Bickell - PK : Joffrey Lupul
Extra Defensemen
Normal : Brandon Burlon, Derek Morris, Mike Sauer - PP : Brandon Burlon - PK : Jeffrey Foss, Brandon Burlon
Penalty Shots
Evgeny Dadonov, Wayne Simmonds, Joffrey Lupul, Kyle Brodziak, Bryan Bickell
Thunder
5 vs 5 Forward
Center Left Wing Right Wing Time % Phy DF OF
1 Samuel Pahlsson Dany Roussin Pierre-Alexandre Parentea40 1 2 2
2 Tom Pyatt Robin Leblanc Matt D'Agostini 30 1 2 2
3 Brandon Mashinter Samuel Pahlsson Robin Leblanc 20 1 2 2
4 Daultan Leveillé Dany Roussin Jannik Hansen 10 1 2 2
5 vs 5 Defense
Defense Defense Time % Phy DF OF
1 Tim Gleason Jeff Finger 40 1 2 2
2 Doug Janik Ray Macias 30 1 2 2
3 Derek Peltier Joey Ryan 20 1 2 2
4 Slava Voynov David Fischer 10 1 2 2
PowerPlay Forward
Center Left Wing Right Wing Time % Phy DF OF
1 Samuel Pahlsson Dany Roussin Pierre-Alexandre Parentea60 1 2 2
2 Tom Pyatt Robin Leblanc Matt D'Agostini 40 1 2 2
PowerPlay Defense
Defense Defense Time % Phy DF OF
1 Tim Gleason Jeff Finger 60 1 2 2
2 Doug Janik Ray Macias 40 1 2 2
Penalty Kill 4 Players Forward
Center Wing Time % Phy DF OF
1 Samuel Pahlsson Dany Roussin 60 1 2 2
2 Pierre-Alexandre ParenteaMatt D'Agostini 40 1 2 2
Penalty Kill 4 Players Defense
Defense Defense Time % Phy DF OF
1 Tim Gleason Jeff Finger 60 1 2 2
2 Doug Janik Ray Macias 40 1 2 2
Penalty Kill - 3 Players Forward
Forward Time % Phy DF OF
1 Samuel Pahlsson 60 1 2 2
2 Dany Roussin 40 1 2 2
Penalty Kill - 3 Players Defense
Defense Defense Time % Phy DF OF
1 Tim Gleason Jeff Finger 60 1 2 2
2 Doug Janik Ray Macias 40 1 2 2
4 vs 4 Forward
Center Wing Time % Phy DF OF
1 Samuel Pahlsson Dany Roussin 60 1 2 2
2 Pierre-Alexandre ParenteaMatt D'Agostini 40 1 2 2
4 vs 4 Defense
Defense Defense Time % Phy DF OF
1 Tim Gleason Jeff Finger 60 1 2 2
2 Doug Janik Ray Macias 40 1 2 2
Last Minutes Offensive
Center Left Wing Right Wing Defense Defense
Samuel Pahlsson Dany Roussin Pierre-Alexandre ParenteaTim Gleason Jeff Finger
Last Minutes Defensive
Center Left Wing Right Wing Defense Defense
Samuel Pahlsson Dany Roussin Pierre-Alexandre ParenteaTim Gleason Jeff Finger
Goaltenders
Starting : Mark Dekanich
Backup : Devan Dubnyk
Extra Forwards
Normal : Jannik Hansen, Brandon Mashinter, Daultan Leveillé - PP : Jannik Hansen, Brandon Mashinter - PK : Daultan Leveillé
Extra Defensemen
Normal : Derek Peltier, Joey Ryan, Slava Voynov - PP : Derek Peltier - PK : Joey Ryan, Slava Voynov
Penalty Shots
Samuel Pahlsson, Dany Roussin, Pierre-Alexandre Parenteau, Matt D'Agostini, Tom Pyatt
% Time on Ice - Saguenéens
Lines # - Real PCT - Wanted PCT - Time Play
Normal Forward
1 - 38% - 40% - 17:41
2 - 27% - 30% - 12:19
3 - 16% - 20% - 7:28
4 - 19% - 10% - 8:58
Normal Defense
1 - 39% - 37% - 18:07
2 - 33% - 33% - 15:33
3 - 23% - 20% - 10:43
4 - 4% - 10% - 2:03
PP Forward
1 - 55% - 55% - 3:03
2 - 45% - 45% - 2:29
PP Defense
1 - 53% - 50% - 2:57
2 - 47% - 50% - 2:35
PK Forward
1 - 50% - 50% - 3:50
2 - 50% - 50% - 3:47
PK Defense
1 - 53% - 50% - 4:03
2 - 47% - 50% - 3:34
PK3 Forward
1 - 0% - 50%
2 - 0% - 50%
PK3 Defense
1 - 0% - 50%
2 - 0% - 50%
44 Forward
1 - 100% - 50% - 0:25
2 - 0% - 50% - 0:00
44 Defense
1 - 100% - 50% - 0:25
2 - 0% - 50% - 0:00
Last Minute Offensive - 0:00
Last Minute Defensive - 0:00
Total
Forward - 60:00
Defense - 60:00
|
% Time on Ice - Thunder
Lines # - Real PCT - Wanted PCT - Time Play
Normal Forward
1 - 35% - 40% - 16:10
2 - 33% - 30% - 15:23
3 - 11% - 20% - 5:06
4 - 21% - 10% - 9:47
Normal Defense
1 - 37% - 40% - 17:16
2 - 29% - 30% - 13:19
3 - 20% - 20% - 9:30
4 - 14% - 10% - 6:21
PP Forward
1 - 54% - 60% - 4:07
2 - 46% - 40% - 3:30
PP Defense
1 - 56% - 60% - 4:16
2 - 44% - 40% - 3:21
PK Forward
1 - 77% - 60% - 4:17
2 - 23% - 40% - 1:15
PK Defense
1 - 65% - 60% - 3:37
2 - 35% - 40% - 1:55
PK3 Forward
1 - 0% - 60%
2 - 0% - 40%
PK3 Defense
1 - 0% - 60%
2 - 0% - 40%
44 Forward
1 - 100% - 60% - 0:25
2 - 0% - 40% - 0:00
44 Defense
1 - 100% - 60% - 0:25
2 - 0% - 40% - 0:00
Last Minute Offensive - 0:00
Last Minute Defensive - 0:00
Total
Forward - 60:00
Defense - 60:00
|
Play by Play
1st period
0:01 of 1st period - Samuel Pahlsson wins face-off versus Kyle Brodziak in neutral zone.
0:49 of 1st period - Doug Janik is hit by Eric Tangradi and loses puck.
1:18 of 1st period - Wrist shot by Petteri Wirtanen.
1:18 of 1st period - Stopped by Mark Dekanich without a rebound.
1:19 of 1st period - Kyle Brodziak wins face-off versus Brandon Mashinter in Thunder zone.
1:24 of 1st period - Snap shot by Evgeny Dadonov.
1:24 of 1st period - Stopped by Mark Dekanich with a rebound.
2:26 of 1st period - Slapshot by Derek Morris.
2:26 of 1st period - Stopped by Mark Dekanich with a rebound.
3:19 of 1st period - Snap shot by Evgeny Dadonov.
3:19 of 1st period - Shot Misses the Net.
5:02 of 1st period - Jeff Finger is hit by Brandon Burlon and loses puck.
5:28 of 1st period - Snap shot by Marcus Johansson.
5:28 of 1st period - Shot Blocked by Dany Roussin.
5:56 of 1st period - Matt D'Agostini is hit by Evgeny Dadonov.
6:06 of 1st period - Snap shot by Evgeny Dadonov.
6:06 of 1st period - Shot Misses the Net.
6:08 of 1st period - Snap shot by Mike Sauer.
6:08 of 1st period - Deflect By Eric Tangradi.
6:08 of 1st period - Shot Misses the Net.
6:08 of 1st period - Puck is out of play.
6:09 of 1st period - Daultan Leveillé wins face-off versus Brian Flynn in Thunder zone.
6:09 of 1st period - Daultan Leveillé is hit by Bryan Bickell.
6:43 of 1st period - Kris Russell is hit by Robin Leblanc and loses puck.
7:44 of 1st period - Brian Flynn is hit by Matt D'Agostini and loses puck.
8:14 of 1st period - Samuel Pahlsson is hit by Rhett Rakhshani and loses puck.
8:39 of 1st period - Wrist shot by Kyle Brodziak.
8:39 of 1st period - Shot Misses the Net.
8:41 of 1st period - Slapshot by Mike Sauer.
8:41 of 1st period - Shot Misses the Net.
8:43 of 1st period - Snap shot by Wayne Simmonds.
8:43 of 1st period - Shot Hit the Post.
9:11 of 1st period - Brandon Mashinter is hit by Brian Flynn and loses puck.
9:26 of 1st period - Kris Russell is hit by Daultan Leveillé and loses puck.
9:39 of 1st period - Doug Janik is hit by Joffrey Lupul and loses puck.
9:46 of 1st period - Snap shot by Joffrey Lupul.
9:46 of 1st period - Stopped by Mark Dekanich with a rebound.
9:48 of 1st period - Slapshot by Brandon Burlon.
9:48 of 1st period - Shot Misses the Net.
10:07 of 1st period - Wrist shot by Pierre-Alexandre Parenteau.
10:07 of 1st period - Shot Misses the Net.
10:49 of 1st period - Wrist shot by Matt D'Agostini.
10:49 of 1st period - Goal by Matt D'Agostini - Saguenéens : 0 - Thunder : 1.
10:50 of 1st period - Kyle Brodziak wins face-off versus Daultan Leveillé in neutral zone.
11:15 of 1st period - Tim Gleason is hit by Mike Sauer and loses puck.
11:20 of 1st period - Wrist shot by Joffrey Lupul.
11:20 of 1st period - Shot Misses the Net.
11:43 of 1st period - Icing by Brian Flynn.
11:44 of 1st period - Petteri Wirtanen wins face-off versus Daultan Leveillé in Saguenéens zone.
11:51 of 1st period - Derek Morris is hit by Doug Janik and loses puck.
13:04 of 1st period - Kris Russell is hit by Matt D'Agostini and loses puck.
14:13 of 1st period - Off-side.
14:14 of 1st period - Tom Pyatt wins face-off versus Marcus Johansson in neutral zone.
14:35 of 1st period - Minor Penalty to Slava Voynov for Tripping.
14:36 of 1st period - Samuel Pahlsson wins face-off versus Kyle Brodziak in Thunder zone.
16:35 of 1st period - Penalty to Slava Voynov is over, Slava Voynov is back on ice.
16:45 of 1st period - Snap shot by Tyler McNeely.
16:45 of 1st period - Stopped by Mark Dekanich without a rebound.
16:46 of 1st period - Tom Pyatt wins face-off versus Petteri Wirtanen in Thunder zone.
16:46 of 1st period - Tom Pyatt is hit by Tyler McNeely.
17:13 of 1st period - Wrist shot by Dany Roussin.
17:13 of 1st period - Stopped by Harru Sateri with a rebound.
17:35 of 1st period - Slapshot by Bryan Bickell.
17:35 of 1st period - Shot Misses the Net.
17:37 of 1st period - Snap shot by Bryan Bickell.
17:37 of 1st period - Saguenéens goal is going for a video replay.
17:37 of 1st period - The goal is refused. The puck has entered the net after making contact with an attacking player’s stick that is above the height of the crossbar..
17:38 of 1st period - Kyle Brodziak wins face-off versus Pierre-Alexandre Parenteau in Thunder zone.
17:39 of 1st period - Snap shot by Evgeny Dadonov.
17:39 of 1st period - Stopped by Mark Dekanich with a rebound.
17:45 of 1st period - Evgeny Dadonov is hit by Tim Gleason.
17:46 of 1st period - Evgeny Dadonov from Saguenéens is injured at 17:46 of 1st period (Sprained Right Finger).
17:47 of 1st period - Kyle Brodziak wins face-off versus Samuel Pahlsson in Saguenéens zone.
17:47 of 1st period - Kyle Brodziak is hit by Dany Roussin.
17:57 of 1st period - Snap shot by Dany Roussin.
17:57 of 1st period - Stopped by Harru Sateri without a rebound.
17:58 of 1st period - Kyle Brodziak wins face-off versus Samuel Pahlsson in Saguenéens zone.
17:58 of 1st period - Kyle Brodziak is hit by Pierre-Alexandre Parenteau.
18:31 of 1st period - Snap shot by Joffrey Lupul.
18:31 of 1st period - Stopped by Mark Dekanich with a rebound.
19:25 of 1st period - Wrist shot by Eric Tangradi.
19:25 of 1st period - Deflect By Brian Flynn.
19:25 of 1st period - Shot Misses the Net.
19:25 of 1st period - Puck is out of play.
19:26 of 1st period - Daultan Leveillé wins face-off versus Brian Flynn in Thunder zone.
19:47 of 1st period - Wrist shot by Robin Leblanc.
19:47 of 1st period - Stopped by Harru Sateri without a rebound.
19:48 of 1st period - Kyle Brodziak wins face-off versus Brandon Mashinter in Saguenéens zone.
Goals for this period are 0 for Saguenéens vs 1 for Thunder.
Shots for this period are 8 for Saguenéens vs 4 for Thunder.
2nd period
0:01 of 2nd period - Samuel Pahlsson wins face-off versus Wayne Simmonds in neutral zone.
0:08 of 2nd period - Wrist shot by Pierre-Alexandre Parenteau.
0:08 of 2nd period - Shot Misses the Net.
0:14 of 2nd period - Wrist shot by Dany Roussin.
0:14 of 2nd period - Shot Blocked by Brian Flynn.
0:16 of 2nd period - Slapshot by Jeff Finger.
0:16 of 2nd period - Stopped by Harru Sateri with a rebound.
0:26 of 2nd period - Kris Russell is hit by Matt D'Agostini and loses puck.
0:47 of 2nd period - Doug Janik is hit by Kris Russell and loses puck.
1:23 of 2nd period - Minor Penalty to Brian Flynn for Hooking.
1:24 of 2nd period - Kyle Brodziak wins face-off versus Tom Pyatt in Saguenéens zone.
1:24 of 2nd period - Kyle Brodziak is hit by Tom Pyatt.
2:54 of 2nd period - Derek Morris is hit by Tim Gleason and loses puck.
3:23 of 2nd period - Penalty to Brian Flynn is over, Brian Flynn is back on ice.
3:37 of 2nd period - Slapshot by Derek Peltier.
3:37 of 2nd period - Deflect By Jannik Hansen.
3:37 of 2nd period - Shot Misses the Net.
3:37 of 2nd period - Puck is out of play.
3:38 of 2nd period - Jannik Hansen wins face-off versus Brian Flynn in Saguenéens zone.
3:39 of 2nd period - Snap shot by Daultan Leveillé.
3:39 of 2nd period - Deflect By Jannik Hansen.
3:39 of 2nd period - Goal by Jannik Hansen - Saguenéens : 0 - Thunder : 2.
3:40 of 2nd period - Samuel Pahlsson wins face-off versus Wayne Simmonds in neutral zone.
3:45 of 2nd period - Slapshot by Dany Roussin.
3:45 of 2nd period - Stopped by Harru Sateri with a rebound.
3:47 of 2nd period - Snap shot by Pierre-Alexandre Parenteau.
3:47 of 2nd period - Shot Misses the Net.
3:49 of 2nd period - Snap shot by Pierre-Alexandre Parenteau.
3:49 of 2nd period - Shot Misses the Net.
3:51 of 2nd period - Slapshot by Pierre-Alexandre Parenteau.
3:51 of 2nd period - Stopped by Harru Sateri without a rebound.
3:52 of 2nd period - Samuel Pahlsson wins face-off versus Kyle Brodziak in Saguenéens zone.
4:11 of 2nd period - Jeff Finger is hit by Brian Flynn and loses puck.
5:47 of 2nd period - Brandon Mashinter is hit by David Laliberté and loses puck.
8:38 of 2nd period - Snap shot by Derek Morris.
8:38 of 2nd period - Stopped by Mark Dekanich without a rebound.
8:39 of 2nd period - Tom Pyatt wins face-off versus Petteri Wirtanen in Thunder zone.
9:34 of 2nd period - Icing by Robin Leblanc.
9:35 of 2nd period - Matt D'Agostini wins face-off versus Kyle Brodziak in Thunder zone.
9:35 of 2nd period - Matt D'Agostini is hit by Brian Flynn.
10:03 of 2nd period - Slapshot by Tyler McNeely.
10:03 of 2nd period - Shot Blocked by David Fischer.
10:05 of 2nd period - Slapshot by Kevin Marshall.
10:05 of 2nd period - Deflect By Pierre-Alexandre Parenteau.
10:05 of 2nd period - Stopped by Mark Dekanich with a rebound.
10:07 of 2nd period - Snap shot by Tyler McNeely.
10:07 of 2nd period - Shot Misses the Net.
10:09 of 2nd period - Snap shot by Tyler McNeely.
10:09 of 2nd period - Stopped by Mark Dekanich without a rebound.
10:10 of 2nd period - Tom Pyatt wins face-off versus Petteri Wirtanen in Thunder zone.
10:10 of 2nd period - Tom Pyatt is hit by Tyler McNeely.
10:37 of 2nd period - Icing by Wayne Simmonds.
10:38 of 2nd period - Daultan Leveillé wins face-off versus Wayne Simmonds in Saguenéens zone.
11:30 of 2nd period - Rhett Rakhshani is hit by Robin Leblanc and loses puck.
11:45 of 2nd period - Wrist shot by Wayne Simmonds.
11:45 of 2nd period - Stopped by Mark Dekanich with a rebound.
11:47 of 2nd period - Slapshot by Mike Sauer.
11:47 of 2nd period - Shot Blocked by Derek Peltier.
12:05 of 2nd period - Backhand shot by Marcus Johansson.
12:05 of 2nd period - Stopped by Mark Dekanich without a rebound.
12:06 of 2nd period - Tom Pyatt wins face-off versus Marcus Johansson in Thunder zone.
12:14 of 2nd period - Off-side.
12:15 of 2nd period - Tom Pyatt wins face-off versus Brian Flynn in neutral zone.
13:04 of 2nd period - Slapshot by Derek Morris.
13:04 of 2nd period - Shot Misses the Net.
13:06 of 2nd period - Snap shot by Petteri Wirtanen.
13:06 of 2nd period - Shot Misses the Net.
13:08 of 2nd period - Slapshot by Derek Morris.
13:08 of 2nd period - Stopped by Mark Dekanich with a rebound.
13:10 of 2nd period - Snap shot by Kris Russell.
13:10 of 2nd period - Stopped by Mark Dekanich with a rebound.
13:12 of 2nd period - Wrist shot by Tyler McNeely.
13:12 of 2nd period - Stopped by Mark Dekanich without a rebound.
13:13 of 2nd period - Samuel Pahlsson wins face-off versus Kyle Brodziak in Thunder zone.
13:13 of 2nd period - Samuel Pahlsson is hit by Wayne Simmonds.
13:19 of 2nd period - Wrist shot by Dany Roussin.
13:19 of 2nd period - Shot Blocked by Kevin Marshall.
13:21 of 2nd period - Snap shot by Ray Macias.
13:21 of 2nd period - Stopped by Harru Sateri without a rebound.
13:22 of 2nd period - Kyle Brodziak wins face-off versus Samuel Pahlsson in Saguenéens zone.
14:11 of 2nd period - Minor Penalty to Kyle Brodziak for Hooking.
14:12 of 2nd period - Petteri Wirtanen wins face-off versus Tom Pyatt in Saguenéens zone.
14:12 of 2nd period - Petteri Wirtanen is hit by Robin Leblanc.
16:11 of 2nd period - Penalty to Kyle Brodziak is over, Kyle Brodziak is back on ice.
16:19 of 2nd period - Kevin Marshall is hit by Brandon Mashinter and loses puck.
16:36 of 2nd period - Wrist shot by Doug Janik.
16:36 of 2nd period - Shot Misses the Net.
16:38 of 2nd period - Wrist shot by Doug Janik.
16:38 of 2nd period - Deflect By Daultan Leveillé.
16:38 of 2nd period - Stopped by Harru Sateri with a rebound.
17:04 of 2nd period - Slapshot by David Laliberté.
17:04 of 2nd period - Stopped by Mark Dekanich with a rebound.
17:06 of 2nd period - Snap shot by Kevin Marshall.
17:06 of 2nd period - Stopped by Mark Dekanich without a rebound.
17:07 of 2nd period - Marcus Johansson wins face-off versus Brandon Mashinter in Thunder zone.
17:08 of 2nd period - Snap shot by Joffrey Lupul.
17:08 of 2nd period - Deflect By David Laliberté.
17:08 of 2nd period - Stopped by Mark Dekanich without a rebound.
17:09 of 2nd period - Samuel Pahlsson wins face-off versus Kyle Brodziak in Thunder zone.
17:09 of 2nd period - Samuel Pahlsson is hit by Brian Flynn.
17:15 of 2nd period - Pierre-Alexandre Parenteau is hit by Brian Flynn.
17:19 of 2nd period - Snap shot by Wayne Simmonds.
17:19 of 2nd period - Shot Blocked by Doug Janik.
17:21 of 2nd period - Slapshot by Brian Flynn.
17:21 of 2nd period - Shot Misses the Net.
17:23 of 2nd period - Slapshot by Kyle Brodziak.
17:23 of 2nd period - Goal by Kyle Brodziak - Saguenéens : 1 - Thunder : 2.
17:24 of 2nd period - Samuel Pahlsson wins face-off versus Kyle Brodziak in neutral zone.
17:33 of 2nd period - Off-side.
17:34 of 2nd period - Samuel Pahlsson wins face-off versus Kyle Brodziak in neutral zone.
17:53 of 2nd period - Snap shot by Pierre-Alexandre Parenteau.
17:53 of 2nd period - Shot Hit the Post.
17:55 of 2nd period - Slapshot by Jeff Finger.
17:55 of 2nd period - Shot Misses the Net.
17:57 of 2nd period - Slapshot by Dany Roussin.
17:57 of 2nd period - Deflect By Samuel Pahlsson.
17:57 of 2nd period - Shot Misses the Net.
17:57 of 2nd period - Puck is out of play.
17:58 of 2nd period - Matt D'Agostini wins face-off versus Marcus Johansson in Saguenéens zone.
18:01 of 2nd period - Wrist shot by Tom Pyatt.
18:01 of 2nd period - Stopped by Harru Sateri with a rebound.
18:03 of 2nd period - Wrist shot by Tom Pyatt.
18:03 of 2nd period - Goal by Tom Pyatt - Saguenéens : 1 - Thunder : 3.
18:04 of 2nd period - Samuel Pahlsson wins face-off versus Kyle Brodziak in neutral zone.
18:34 of 2nd period - Snap shot by Robin Leblanc.
18:34 of 2nd period - Shot Blocked by Brian Flynn.
18:46 of 2nd period - Minor Penalty to Mike Sauer for Tripping.
18:47 of 2nd period - Pierre-Alexandre Parenteau wins face-off versus Petteri Wirtanen in Saguenéens zone.
18:48 of 2nd period - Wrist shot by Dany Roussin.
18:48 of 2nd period - Stopped by Harru Sateri with a rebound.
18:54 of 2nd period - Samuel Pahlsson is hit by Kevin Marshall and loses puck.
19:15 of 2nd period - Wrist shot by Matt D'Agostini.
19:15 of 2nd period - Stopped by Harru Sateri without a rebound.
19:16 of 2nd period - Petteri Wirtanen wins face-off versus Samuel Pahlsson in Saguenéens zone.
19:16 of 2nd period - Petteri Wirtanen is hit by Samuel Pahlsson.
Goals for this period are 1 for Saguenéens vs 2 for Thunder.
Shots for this period are 12 for Saguenéens vs 10 for Thunder.
3rd period
0:01 of 3rd period - Petteri Wirtanen wins face-off versus Samuel Pahlsson in neutral zone.
0:46 of 3rd period - Penalty to Mike Sauer is over, Mike Sauer is back on ice.
0:51 of 3rd period - Kevin Marshall is hit by Daultan Leveillé and loses puck.
1:00 of 3rd period - Ray Macias is hit by Eric Tangradi.
1:12 of 3rd period - Slapshot by Robin Leblanc.
1:12 of 3rd period - Stopped by Harru Sateri with a rebound.
1:18 of 3rd period - Joey Ryan is hit by Marcus Johansson and loses puck.
1:51 of 3rd period - Wrist shot by Petteri Wirtanen.
1:51 of 3rd period - Stopped by Mark Dekanich with a rebound.
1:53 of 3rd period - Slapshot by Kris Russell.
1:53 of 3rd period - Stopped by Mark Dekanich with a rebound.
2:03 of 3rd period - Kevin Marshall is hit by Tom Pyatt and loses puck.
2:22 of 3rd period - Snap shot by Samuel Pahlsson.
2:22 of 3rd period - Stopped by Harru Sateri with a rebound.
2:24 of 3rd period - Wrist shot by Pierre-Alexandre Parenteau.
2:24 of 3rd period - Shot Misses the Net.
2:36 of 3rd period - Slapshot by Derek Morris.
2:36 of 3rd period - Stopped by Mark Dekanich with a rebound.
2:38 of 3rd period - Slapshot by Kris Russell.
2:38 of 3rd period - Shot Misses the Net.
3:28 of 3rd period - Wrist shot by Daultan Leveillé.
3:28 of 3rd period - Shot Blocked by Joffrey Lupul.
3:40 of 3rd period - Slapshot by Mike Sauer.
3:40 of 3rd period - Stopped by Mark Dekanich with a rebound.
4:04 of 3rd period - Snap shot by Tyler McNeely.
4:04 of 3rd period - Stopped by Mark Dekanich with a rebound.
4:20 of 3rd period - Doug Janik is hit by Jeffrey Foss and loses puck.
4:25 of 3rd period - Snap shot by Brian Flynn.
4:25 of 3rd period - Stopped by Mark Dekanich without a rebound.
4:26 of 3rd period - Samuel Pahlsson wins face-off versus Brian Flynn in Thunder zone.
5:21 of 3rd period - Slapshot by Mike Sauer.
5:21 of 3rd period - Shot Blocked by Doug Janik.
5:50 of 3rd period - Wrist shot by Tyler McNeely.
5:50 of 3rd period - Deflect By Petteri Wirtanen.
5:50 of 3rd period - Shot Misses the Net.
5:50 of 3rd period - Puck is out of play.
5:51 of 3rd period - Samuel Pahlsson wins face-off versus Petteri Wirtanen in Thunder zone.
5:57 of 3rd period - Off-side.
5:58 of 3rd period - Kyle Brodziak wins face-off versus Samuel Pahlsson in neutral zone.
6:09 of 3rd period - Snap shot by Samuel Pahlsson.
6:09 of 3rd period - Stopped by Harru Sateri with a rebound.
6:11 of 3rd period - Slapshot by Jeff Finger.
6:11 of 3rd period - Stopped by Harru Sateri without a rebound.
6:12 of 3rd period - Tom Pyatt wins face-off versus Marcus Johansson in Saguenéens zone.
6:21 of 3rd period - Wrist shot by Derek Morris.
6:21 of 3rd period - Shot Blocked by Tim Gleason.
6:43 of 3rd period - Off-side.
6:44 of 3rd period - Samuel Pahlsson wins face-off versus Kyle Brodziak in neutral zone.
6:47 of 3rd period - Snap shot by Samuel Pahlsson.
6:47 of 3rd period - Shot Misses the Net.
7:08 of 3rd period - Off-side.
7:09 of 3rd period - Tom Pyatt wins face-off versus Marcus Johansson in neutral zone.
7:12 of 3rd period - Slapshot by Tim Gleason.
7:12 of 3rd period - Shot Misses the Net.
7:22 of 3rd period - Snap shot by Joffrey Lupul.
7:22 of 3rd period - Stopped by Mark Dekanich without a rebound.
7:22 of 3rd period - Minor Penalty to Mark Dekanich for Slashing.
7:23 of 3rd period - Samuel Pahlsson wins face-off versus Kyle Brodziak in Thunder zone.
7:35 of 3rd period - Snap shot by Eric Tangradi.
7:35 of 3rd period - Shot Misses the Net.
7:37 of 3rd period - Wrist shot by Kyle Brodziak.
7:37 of 3rd period - Shot Blocked by Dany Roussin.
8:53 of 3rd period - Wrist shot by Brett Festerling.
8:53 of 3rd period - Goal by Brett Festerling - Saguenéens : 1 - Thunder : 4.
8:54 of 3rd period - Joffrey Lupul wins face-off versus Samuel Pahlsson in neutral zone.
8:56 of 3rd period - Minor Penalty to Marcus Johansson for Hooking.
8:57 of 3rd period - Samuel Pahlsson wins face-off versus Kyle Brodziak in Saguenéens zone.
8:59 of 3rd period - Slapshot by Dany Roussin.
8:59 of 3rd period - Stopped by Harru Sateri with a rebound.
9:03 of 3rd period - Snap shot by Dany Roussin.
9:03 of 3rd period - Shot Hit the Post.
9:05 of 3rd period - Slapshot by Derek Peltier.
9:05 of 3rd period - Shot Misses the Net.
9:22 of 3rd period - Penalty to Tim Gleason is over, Tim Gleason is back on ice.
9:27 of 3rd period - Wrist shot by Wayne Simmonds.
9:27 of 3rd period - Shot Misses the Net.
9:54 of 3rd period - Wrist shot by Samuel Pahlsson.
9:54 of 3rd period - Shot Misses the Net.
9:56 of 3rd period - Slapshot by Samuel Pahlsson.
9:56 of 3rd period - Stopped by Harru Sateri with a rebound.
9:58 of 3rd period - Snap shot by Dany Roussin.
9:58 of 3rd period - Shot Blocked by Kris Russell.
10:00 of 3rd period - Snap shot by Samuel Pahlsson.
10:00 of 3rd period - Shot Misses the Net.
10:02 of 3rd period - Slapshot by Dany Roussin.
10:02 of 3rd period - Stopped by Harru Sateri without a rebound.
10:03 of 3rd period - Petteri Wirtanen wins face-off versus Tom Pyatt in Saguenéens zone.
10:56 of 3rd period - Penalty to Marcus Johansson is over, Marcus Johansson is back on ice.
11:20 of 3rd period - Snap shot by Brian Flynn.
11:20 of 3rd period - Stopped by Mark Dekanich without a rebound.
11:21 of 3rd period - Tom Pyatt wins face-off versus Marcus Johansson in Thunder zone.
11:46 of 3rd period - Joey Ryan is hit by Wayne Simmonds and loses puck.
11:53 of 3rd period - Wrist shot by Kyle Brodziak.
11:53 of 3rd period - Shot Misses the Net.
11:55 of 3rd period - Snap shot by Wayne Simmonds.
11:55 of 3rd period - Shot Misses the Net.
12:11 of 3rd period - Wrist shot by Petteri Wirtanen.
12:11 of 3rd period - Stopped by Mark Dekanich without a rebound.
12:12 of 3rd period - Petteri Wirtanen wins face-off versus Samuel Pahlsson in Thunder zone.
12:19 of 3rd period - Wrist shot by Tyler McNeely.
12:19 of 3rd period - Shot Misses the Net.
12:21 of 3rd period - Snap shot by Kevin Marshall.
12:21 of 3rd period - Stopped by Mark Dekanich without a rebound.
12:22 of 3rd period - Samuel Pahlsson wins face-off versus Kyle Brodziak in Thunder zone.
12:48 of 3rd period - Wrist shot by Dany Roussin.
12:48 of 3rd period - Shot Misses the Net.
13:00 of 3rd period - Snap shot by David Laliberté.
13:00 of 3rd period - Goal by David Laliberté - Saguenéens : 2 - Thunder : 4.
13:01 of 3rd period - Tom Pyatt wins face-off versus Kyle Brodziak in neutral zone.
13:03 of 3rd period - Minor Penalty to Jeff Finger for Hooking.
13:04 of 3rd period - Dany Roussin wins face-off versus Kyle Brodziak in Thunder zone.
13:29 of 3rd period - Joey Ryan is hit by Kris Russell and loses puck.
13:42 of 3rd period - Doug Janik is hit by David Laliberté and loses puck.
14:03 of 3rd period - Pierre-Alexandre Parenteau is hit by Derek Morris and loses puck.
14:18 of 3rd period - Slapshot by Tim Gleason.
14:18 of 3rd period - Shot Misses the Net.
14:20 of 3rd period - Slapshot by Brett Festerling.
14:20 of 3rd period - Deflect By Daultan Leveillé.
14:20 of 3rd period - Stopped by Harru Sateri without a rebound.
14:21 of 3rd period - Kyle Brodziak wins face-off versus Daultan Leveillé in Saguenéens zone.
14:26 of 3rd period - Slava Voynov is hit by Eric Tangradi and loses puck.
15:03 of 3rd period - Penalty to Jeff Finger is over, Jeff Finger is back on ice.
15:33 of 3rd period - Mike Sauer is hit by Robin Leblanc and loses puck.
16:00 of 3rd period - Slapshot by Ray Macias.
16:00 of 3rd period - Stopped by Harru Sateri without a rebound.
16:01 of 3rd period - Jannik Hansen wins face-off versus Marcus Johansson in Saguenéens zone.
16:26 of 3rd period - Tim Gleason is hit by Jeffrey Foss.
16:45 of 3rd period - Icing by Doug Janik.
16:46 of 3rd period - Tom Pyatt wins face-off versus Kyle Brodziak in Thunder zone.
16:46 of 3rd period - Tom Pyatt is hit by Kyle Brodziak.
17:10 of 3rd period - Minor Penalty to Mike Sauer for Cross-checking.
17:11 of 3rd period - Samuel Pahlsson wins face-off versus Petteri Wirtanen in Saguenéens zone.
17:16 of 3rd period - Slapshot by Dany Roussin.
17:16 of 3rd period - Goal by Dany Roussin - Saguenéens : 2 - Thunder : 5.
17:17 of 3rd period - Samuel Pahlsson wins face-off versus Kyle Brodziak in neutral zone.
17:20 of 3rd period - Slapshot by Pierre-Alexandre Parenteau.
17:20 of 3rd period - Shot Misses the Net.
17:22 of 3rd period - Slapshot by Tim Gleason.
17:22 of 3rd period - Stopped by Harru Sateri without a rebound.
17:23 of 3rd period - Samuel Pahlsson wins face-off versus Kyle Brodziak in Saguenéens zone.
17:51 of 3rd period - Snap shot by Samuel Pahlsson.
17:51 of 3rd period - Stopped by Harru Sateri with a rebound.
17:53 of 3rd period - Snap shot by Pierre-Alexandre Parenteau.
17:53 of 3rd period - Goal by Pierre-Alexandre Parenteau - Saguenéens : 2 - Thunder : 6.
17:54 of 3rd period - Samuel Pahlsson wins face-off versus Marcus Johansson in neutral zone.
18:06 of 3rd period - Wrist shot by Marcus Johansson.
18:06 of 3rd period - Shot Blocked by Dany Roussin.
18:20 of 3rd period - Kris Russell is hit by Tom Pyatt and loses puck.
18:45 of 3rd period - Mike Sauer is hit by Jannik Hansen and loses puck.
19:24 of 3rd period - Snap shot by Marcus Johansson.
19:24 of 3rd period - Shot Misses the Net.
19:31 of 3rd period - Icing by Dany Roussin.
19:32 of 3rd period - Tom Pyatt wins face-off versus Kyle Brodziak in Thunder zone.
Goals for this period are 1 for Saguenéens vs 3 for Thunder.
Shots for this period are 11 for Saguenéens vs 14 for Thunder.
Output by the SimonT Hockey Simulator (STHS) for François Prévost -- Original Page W3C XHTML 1.0 Valid